 Dungeon Crawl Stone Soup version 0.21.1-1-g345015f (webtiles) character file.

1220 tidbits the Chiller (level 8, -13/58 HPs)
             Began as a Gnoll Ice Elementalist on Apr 4, 2018.
             Was an Initiate of Cheibriados.
             Mangled by a komodo dragon (30 damage)
             ... on level 6 of the Dungeon.
             The game lasted 00:13:25 (1344 turns).

tidbits the Chiller (Gnoll Ice Elementalist)        Turns: 1344, Time: 00:13:26

Health: -13/58     AC: 15    Str: 11    XL:     8   Next: 47%
Magic:  10/17      EV: 15    Int: 18    God:    Cheibriados [......]
Gold:   301        SH:  0    Dex: 17    Spells: 9/19 levels left

rFire    x . .     SeeInvis +   b - +5 war axe
rCold    + . .     Gourm    .   (no shield)
rNeg     . . .     Faith    .   B - +3 leather armour {rPois}
rPois    +         Spirit   .   (no helmet)
rElec    .         Reflect  .   (no cloak)
rCorr    .         Harm     .   (no gloves)
MR       +....                  F - +0 pair of boots
Stlth    ++........             (no amulet)
HPRegen  0.19/turn              n - ring of ice
MPRegen  0.15/turn              d - ring "Wadu Teo" {MR+ Int-3 SInv Stlth-}

@: icy armour, very slow
A: distributed training, fangs 1, strong nose
a: Bend Time, Renounce Religion


You were on level 6 of the Dungeon.
You worshipped Cheibriados.
Cheibriados was noncommittal.
You were not hungry.

You visited 1 branch of the dungeon, and saw 7 of its levels.

You collected 301 gold pieces.

Inventory:

Hand Weapons
 a - a +0 short sword
 b - a +5 war axe (weapon)
 f - a +0 club
 j - a +0 falchion
 r - a +2 dire flail of holy wrath
   (You took it off Edmund on level 5 of the Dungeon)
Missiles
 g - 44 stones (quivered)
 q - a throwing net {!f}
Armour
 o - a +0 ring mail
 s - a +0 robe
 B - a +3 leather armour of poison resistance (worn)
   (You took it off Edmund on level 5 of the Dungeon)
 E - +0 steam dragon scales
 F - a +0 pair of boots (worn)
Jewellery
 d - the ring "Wadu Teo" (right hand) {MR+ Int-3 SInv Stlth-}
   (You found it on level 4 of the Dungeon)

   [ring of loudness]

   It affects your intelligence (-3).
   It affects your resistance to hostile enchantments.
   It lets you see invisible.
   It makes you less stealthy.
 n - a ring of ice (left hand)
   (You found it on level 2 of the Dungeon)
Wands
 k - a wand of random effects (14)
 v - a wand of scattershot (5)
Scrolls
 e - a scroll of immolation {unknown}
 i - 2 scrolls of identify {unknown}
 l - 2 scrolls of fog {unknown}
 p - a scroll of amnesia {unknown}
 t - a scroll of enchant armour {unknown}
 y - a scroll of remove curse {unknown}
 D - a scroll of teleportation {unknown}
Potions
 m - a potion of resistance {unknown}
 u - a potion of heal wounds
 w - a potion of haste {unknown}
 x - a potion of flight {unknown}
 z - 2 potions of ambrosia {unknown}
 A - 2 potions of curing {unknown}
 C - a potion of degeneration {unknown}
 G - a potion of mutation {unknown}
Books
 h - a book of Frost

   Spells                             Type                      Level
   a - Freeze                         Ice                          1
   b - Throw Frost                    Conjuration/Ice              2
   c - Ozocubu's Armour               Charms/Ice                   3
   d - Throw Icicle                   Conjuration/Ice              4
   e - Summon Ice Beast               Ice/Summoning                4
Comestibles
 c - 6 rations


   Skills:
 + Level 3.2 Fighting
 + Level 3.2 Short Blades
 + Level 3.2 Long Blades
 + Level 3.2 Axes
 + Level 3.2 Maces & Flails
 + Level 3.2 Polearms
 + Level 3.2 Staves
 + Level 3.2 Slings
 + Level 3.2 Bows
 + Level 3.2 Crossbows
 + Level 3.2 Throwing
 + Level 3.2 Armour
 + Level 5.6 Dodging
 + Level 5.3 Stealth
 + Level 3.2 Shields
 + Level 3.2 Unarmed Combat
 + Level 6.0 Spellcasting
 + Level 3.4 Conjurations
 + Level 2.6 Hexes
 + Level 2.6 Charms
 + Level 2.6 Summonings
 + Level 2.6 Necromancy
 + Level 2.6 Translocations
 + Level 2.6 Transmutations
 + Level 2.6 Fire Magic
 + Level 6.1 Ice Magic
 + Level 2.6 Air Magic
 + Level 2.6 Earth Magic
 + Level 2.6 Poison Magic
 + Level 3.5 Invocations
 + Level 3.2 Evocations


You had 9 spell levels left.
You knew the following spells:

 Your Spells              Type           Power        Failure   Level  Hunger
a - Freeze                Ice            ####         1%          1    None
j - Throw Frost           Conj/Ice       ####..       3%          2    None
o - Ozocubu's Armour      Chrm/Ice       ####....     8%          3    ##.....
x - Summon Ice Beast      Ice/Summ       ####....     24%         4    ####...


Dungeon Overview and Level Annotations

Branches:
Dungeon (7/15)             Temple (0/1) D:7

Altars:
Cheibriados
Gozag
Nemelex Xobeh
Okawaru
Qazlal
Xom


Innate Abilities, Weirdness & Mutations

Your experience applies equally to all skills.
You have very sharp teeth.
Your uncanny sense of smell can sniff out nearby items.


Message History

Aim: an iguana You feel a surge of power!
You freeze the iguana.
The iguana is heavily wounded.
The iguana bites you but does no damage.
You hit the iguana.
The iguana is severely wounded.
The iguana bites you but does no damage.
The iguana closely misses you.
You slash the iguana!
You kill the iguana!
Cheibriados appreciates the change of pace.
You see here an iguana corpse.
There is a stone staircase leading down here.
You climb downwards.
There is a stone staircase leading up here.
Unknown command.
You open the door.
Found a ration and 11 stones.
Unknown command.
Found a dagger.
There is an open door here.
You see here a ration.
c - 6 rations (gained 1)
There is an open door here.
There is a stone staircase leading up here.
Found 14 gold pieces.
You see here 14 gold pieces.
You now have 301 gold pieces (gained 14).
Your icy armour starts to melt.
Your icy armour evaporates.
Found a silvery potion.
You see here a silvery potion.
A - 2 silvery potions (gained 1)
There is a stone staircase leading up here.
You climb upwards.
There is a stone staircase leading down here.
Unknown command.
You see here a scroll labeled RAYX BUUTHRU.
i - 2 scrolls labeled RAYX BUUTHRU (gained 1)
Found a metallic inky potion.
A jackal comes into view.
The jackal moves out of view.
The jackal barks!
The jackal misses you.
You see here a metallic inky potion.
Unknown command.
G - a metallic inky potion The jackal bites you but does no damage.
Casting: Freeze
Confirm with . or Enter, or press ? or * to list all spells.
You feel a surge of power! A film of ice covers your body!
The jackal closely misses you.
Unknown command.
You hit the jackal but do no damage.
The jackal bites you but does no damage. x2
You slash the jackal!
You kill the jackal!
Cheibriados appreciates the change of pace.
A komodo dragon comes into view.
Found 2 scrolls labeled RINENAXIHI.
Found a blue potion.
Casting: Ozocubu's Armour
Confirm with . or Enter, or press ? or * to list all spells.
You feel a surge of power! A chill wind blows around you.
The komodo dragon hisses angrily.
You hit the komodo dragon but do no damage.
The komodo dragon bites you!
Your ice beast barely misses the komodo dragon.
The komodo dragon bites you!!
* * * LOW HITPOINT WARNING * * *
Casting: Summon Ice Beast
Confirm with . or Enter, or press ? or * to list all spells.
Aiming: Freeze
Press: ? - help, Shift-Dir - straight line, f - komodo dragon
Aim: a komodo dragon You feel a surge of power!
You freeze the komodo dragon.
The komodo dragon seems to slow down.
The komodo dragon is moderately wounded.
Your ice beast misses the komodo dragon.
Casting: Freeze
Confirm with . or Enter, or press ? or * to list all spells.
Aiming: Freeze
Press: ? - help, Shift-Dir - straight line, f/p - komodo dragon
Aim: a komodo dragon (moderately wounded, slow)
You feel a surge of power!
You freeze the komodo dragon.
The komodo dragon is moderately wounded.
The komodo dragon closely misses you.
Your ice beast hits the komodo dragon but does no damage.
Casting: Freeze
Confirm with . or Enter, or press ? or * to list all spells.
Aiming: Freeze
Press: ? - help, Shift-Dir - straight line, f/p - komodo dragon
Aim: a komodo dragon (moderately wounded, slow)
You feel a surge of power!
You freeze the komodo dragon.
The komodo dragon is heavily wounded.
Your ice beast hits the komodo dragon.
Your ice beast freezes the komodo dragon.
The komodo dragon bites you!!
Ouch! That really hurt!
You die...

######## .......#
#################
.....#.#####......)........
...#..............%..#...
..)..#.#####.#######†#.#
....##.# #######...>.#
#...##.# ∆ ..##....#####
#...##.# #lY#........#
#...##.### ∆ #@##...>###.#
.........# ####.#.#..###
........## ##.#.#####...#
........# ##.#.#.#.#..#..#
#....####
#.#######..###....
###....##..##.#.#.#....#
.###. ####.#.#
#...........#...## .....#.#
###########.##### ###.[# #
#.#


You could see a komodo dragon and a friendly ice beast.

Vanquished Creatures
  Grinder (D:6)
  Sigmund (D:5)
  A steam dragon (D:6)
  An ogre (D:5)
  Blork the orc (D:5)
  A scorpion (D:4)
  An orc priest (D:4)
  A hound (D:5)
  An orc wizard (D:3)
  Ijyb (D:3)
  2 iguanas
  A worker ant (D:6)
  A hound skeleton (D:5)
  7 gnolls
  An adder (D:3)
  A shadow imp (D:6)
  An adder zombie (D:6)
  A worm (D:6)
  A leopard gecko (D:3)
  8 orcs
  A bat (D:3)
  2 giant cockroaches
  2 hobgoblins
  2 jackals (D:6)
  A quokka (D:3)
  A ball python (D:3)
  2 frilled lizards (D:3)
  3 kobolds
  A quokka skeleton (D:5)
  2 rats (D:3)
51 creatures vanquished.

Vanquished Creatures (collateral kills)
  Edmund (D:5)
  An ogre (D:4)
  A gnoll shaman (D:5)
  2 orc priests
  A bullfrog skeleton (D:5)
  5 gnolls
  A dart slug (D:4)
  A leopard gecko (D:4)
  5 orcs
  A quokka (D:5)
19 creatures vanquished.

Vanquished Creatures (others)
  5 dream sheep (D:5)
5 creatures vanquished.

Grand Total: 75 creatures vanquished

Notes
Turn   | Place    | Note
-------+----------+-------------------------------------------
     0 | D:1      | tidbits the Gnoll Ice Elementalist began the quest for the Orb.
     0 | D:1      | Reached XP level 1. HP: 13/13 MP: 6/6
    31 | D:2      | Found an iron altar of Okawaru.
   158 | D:3      | Noticed Ijyb
   171 | D:3      | Killed Ijyb
   171 | D:3      | Reached skill level 5 in Spellcasting
   171 | D:3      | Reached skill level 2 in Conjurations
   171 | D:3      | Reached XP level 2. HP: 20/20 MP: 2/8
   171 | D:3      | Reached XP level 3. HP: 25/25 MP: 2/9
   222 | D:4      | Noticed a scorpion
   231 | D:4      | Killed a scorpion
   231 | D:4      | Reached skill level 1 in Fighting
   231 | D:4      | Reached skill level 1 in Short Blades
   231 | D:4      | Reached skill level 1 in Long Blades
   231 | D:4      | Reached skill level 1 in Axes
   231 | D:4      | Reached skill level 1 in Maces & Flails
   231 | D:4      | Reached skill level 1 in Polearms
   231 | D:4      | Reached skill level 1 in Staves
   231 | D:4      | Reached skill level 1 in Slings
   231 | D:4      | Reached skill level 1 in Bows
   231 | D:4      | Reached skill level 1 in Crossbows
   231 | D:4      | Reached skill level 1 in Throwing
   231 | D:4      | Reached skill level 1 in Armour
   231 | D:4      | Reached skill level 1 in Shields
   231 | D:4      | Reached skill level 1 in Unarmed Combat
   231 | D:4      | Reached skill level 1 in Invocations
   231 | D:4      | Reached skill level 1 in Evocations
   231 | D:4      | Reached XP level 4. HP: 32/32 MP: 6/11
   266 | D:4      | Got a heavily runed iron ring
   275 | D:3      | Reached skill level 1 in Hexes
   275 | D:3      | Reached skill level 1 in Charms
   275 | D:3      | Reached skill level 1 in Summonings
   275 | D:3      | Reached skill level 1 in Necromancy
   275 | D:3      | Reached skill level 1 in Translocations
   275 | D:3      | Reached skill level 1 in Transmutations
   275 | D:3      | Reached skill level 1 in Fire Magic
   275 | D:3      | Reached skill level 1 in Air Magic
   275 | D:3      | Reached skill level 1 in Earth Magic
   275 | D:3      | Reached skill level 1 in Poison Magic
   276 | D:3      | HP: 2/32 [gnoll/halberd (10)]
   282 | D:3      | Identified the ring "Wadu Teo" {MR+ Int-3 SInv Stlth-} (You found it on level 4 of the Dungeon)
   291 | D:3      | Reached XP level 5. HP: 23/37 MP: 4/12
   326 | D:3      | Learned a level 2 spell: Throw Frost
   330 | D:3      | Learned a level 3 spell: Ozocubu's Armour
   341 | D:3      | Learned a level 4 spell: Summon Ice Beast
   593 | D:5      | Entered Level 5 of the Dungeon
   634 | D:5      | Noticed Edmund
   656 | D:5      | Killed Edmund
   656 | D:5      | Reached skill level 2 in Invocations
   656 | D:5      | Reached XP level 6. HP: 41/44 MP: 5/14
   658 | D:5      | Reached skill level 5 in Dodging
   682 | D:5      | Reached skill level 2 in Fighting
   682 | D:5      | Reached skill level 2 in Short Blades
   682 | D:5      | Reached skill level 2 in Long Blades
   682 | D:5      | Reached skill level 2 in Axes
   682 | D:5      | Reached skill level 2 in Maces & Flails
   682 | D:5      | Reached skill level 2 in Polearms
   682 | D:5      | Reached skill level 2 in Staves
   682 | D:5      | Reached skill level 2 in Slings
   682 | D:5      | Reached skill level 2 in Bows
   682 | D:5      | Reached skill level 2 in Crossbows
   682 | D:5      | Reached skill level 2 in Throwing
   682 | D:5      | Reached skill level 2 in Armour
   682 | D:5      | Reached skill level 2 in Shields
   682 | D:5      | Reached skill level 2 in Unarmed Combat
   682 | D:5      | Reached skill level 2 in Evocations
   713 | D:5      | Noticed Sigmund
   814 | D:4      | Found an opulent altar of Gozag.
   814 | D:4      | Found a sparkling altar of Nemelex Xobeh.
   819 | D:4      | Found a stormy altar of Qazlal.
   821 | D:4      | Found a faded altar of an unknown god.
   822 | D:4      | Found a faded altar of an unknown god.
   826 | D:4      | Reached XP level 7. HP: 29/50 MP: 6/15
   952 | D:5      | Reached skill level 2 in Hexes
   952 | D:5      | Reached skill level 2 in Charms
   952 | D:5      | Reached skill level 2 in Summonings
   952 | D:5      | Reached skill level 2 in Necromancy
   952 | D:5      | Reached skill level 2 in Translocations
   952 | D:5      | Reached skill level 2 in Transmutations
   952 | D:5      | Reached skill level 2 in Fire Magic
   952 | D:5      | Reached skill level 2 in Air Magic
   952 | D:5      | Reached skill level 2 in Earth Magic
   952 | D:5      | Reached skill level 2 in Poison Magic
   965 | D:5      | Reached skill level 3 in Conjurations
   977 | D:5      | Noticed a dream sheep
   977 | D:5      | Noticed a dream sheep
   977 | D:5      | Noticed a dream sheep
   977 | D:5      | Noticed a dream sheep
   977 | D:5      | Noticed a dream sheep
   977 | D:5      | Found a shimmering altar of Xom.
   981 | D:5      | Killed a dream sheep
   981 | D:5      | Killed a dream sheep
   982 | D:5      | Killed a dream sheep
   982 | D:5      | Killed a dream sheep
   984 | D:5      | Killed a dream sheep
   987 | D:5      | Killed Sigmund
   987 | D:5      | Reached skill level 5 in Stealth
   987 | D:5      | Reached skill level 3 in Invocations
   989 | D:5      | Noticed Blork the orc
   993 | D:5      | Killed Blork the orc
   993 | D:5      | Reached XP level 8. HP: 57/57 MP: 4/16
  1042 | D:6      | Noticed Grinder
  1058 | D:6      | Killed Grinder
  1058 | D:6      | Reached skill level 3 in Fighting
  1058 | D:6      | Reached skill level 3 in Short Blades
  1058 | D:6      | Reached skill level 3 in Long Blades
  1058 | D:6      | Reached skill level 3 in Axes
  1058 | D:6      | Reached skill level 3 in Maces & Flails
  1058 | D:6      | Reached skill level 3 in Polearms
  1058 | D:6      | Reached skill level 3 in Staves
  1058 | D:6      | Reached skill level 3 in Slings
  1058 | D:6      | Reached skill level 3 in Bows
  1058 | D:6      | Reached skill level 3 in Crossbows
  1058 | D:6      | Reached skill level 3 in Throwing
  1058 | D:6      | Reached skill level 3 in Armour
  1058 | D:6      | Reached skill level 3 in Shields
  1058 | D:6      | Reached skill level 3 in Unarmed Combat
  1058 | D:6      | Reached skill level 6 in Ice Magic
  1058 | D:6      | Reached skill level 3 in Evocations
  1071 | D:6      | Found a snail-covered altar of Cheibriados.
  1083 | D:6      | Became a worshipper of Cheibriados the Contemplative
  1159 | D:6      | Reached skill level 6 in Spellcasting
  1183 | D:7      | Found a staircase to the Ecumenical Temple.
  1338 | D:6      | Noticed a komodo dragon
  1344 | D:6      | Mangled by a komodo dragon

Skill      XL: |  1  2  3  4  5  6  7  8 |
---------------+-------------------------+-----
Spellcasting   | 5 6 |  6.0
Conjurations   | 2 3 |  3.4
Fighting       | 1 2 3 |  3.2
Short Blades   | 1 2 3 |  3.2
Long Blades    | 1 2 3 |  3.2
Axes           | 1 2 3 |  3.2
Maces & Flails | 1 2 3 |  3.2
Polearms       | 1 2 3 |  3.2
Staves         | 1 2 3 |  3.2
Slings         | 1 2 3 |  3.2
Bows           | 1 2 3 |  3.2
Crossbows      | 1 2 3 |  3.2
Throwing       | 1 2 3 |  3.2
Armour         | 1 2 3 |  3.2
Shields        | 1 2 3 |  3.2
Unarmed Combat | 1 2 3 |  3.2
Invocations    | 1 2 3 |  3.5
Evocations     | 1 2 3 |  3.2
Hexes          | 1 2 |  2.6
Charms         | 1 2 |  2.6
Summonings     | 1 2 |  2.6
Necromancy     | 1 2 |  2.6
Translocations | 1 2 |  2.6
Transmutations | 1 2 |  2.6
Fire Magic     | 1 2 |  2.6
Air Magic      | 1 2 |  2.6
Earth Magic    | 1 2 |  2.6
Poison Magic   | 1 2 |  2.6
Dodging        | 5 |  5.6
Stealth        | 5 |  5.3
Ice Magic      | 6 |  6.1

Action                   |  1- 3 |  4- 6 |  7- 9 || total
-------------------------+-------+-------+-------++-------
Melee: War axe           |     1 |    43 |    46 ||    90
       Falchion          |     1 |     6 |       ||     7
       Bite              |       |     1 |     4 ||     5
       Punch             |       |       |     2 ||     2
       Short sword       |       |       |     9 ||     9
Throw: Stone             |       |     2 |       ||     2
 Cast: Freeze            |     8 |    30 |     4 ||    42
       Ozocubu's Armour  |       |     8 |     9 ||    17
       Summon Ice Beast  |       |     4 |     6 ||    10
Evoke: Wand              |       |       |     7 ||     7
  Use: Potion            |       |     2 |       ||     2
 Stab: Sleeping          |     1 |       |     1 ||     2
       Distracted        |       |     2 |     2 ||     4
  Eat: Chunk             |       |     1 |     4 ||     5
Armor: Robe              |     1 |    18 |       ||    19
       Leather armour    |       |    10 |    28 ||    38
Dodge: Dodged            |     4 |    83 |    56 ||   143
       Rpst.: Falchion   |     3 |     4 |       ||     7

Table legend:
 A = Turns spent in this place as a percentage of turns spent in the entire game.
 B = Non-inter-level travel turns spent in this place as a percentage of non-inter-level travel turns spent in the entire game.
 C = Inter-level travel turns spent in this place as a percentage of turns spent in this place.
 D = Turns resting spent in this place as a percentage of non-inter-level travel turns spent in this place.
 E = Turns spent auto-exploring this place as a percentage of non-inter-level travel turns spent in this place.
 F = Non-inter-level travel turns spent in this place divided by the number of levels of this place that you've seen.
                   A       B       C       D       E      F
               +-------+-------+-------+-------+-------+----------------------
         Total | 100.0 | 100.0 |   1.6 |   0.0 |   0.0 | 188.9
       Dungeon | 100.0 | 100.0 |   1.6 |   0.0 |   0.0 | 188.9
               +-------+-------+-------+-------+-------+----------------------

Table legend:
 A = Kills in this place as a percentage of kills in entire the game.
 B = Kills by you in this place as a percentage of kills by you in the entire game.
 C = Kills by friends in this place as a percentage of kills by friends in the entire game.
 D = Other kills in this place as a percentage of other kills in the entire game.
 E = Experience gained in this place as a percentage of experience gained in the entire game.
 F = Experience gained in this place divided by the number of levels of this place that you have seen.
                   A       B       C       D       E      F
               +-------+-------+-------+-------+-------+----------------------
         Total | 100.0 | 100.0 | 100.0 |   N/A | 100.0 | 249.0
       Dungeon | 100.0 | 100.0 | 100.0 |   N/A | 100.0 | 249.0
               +-------+-------+-------+-------+-------+----------------------

Vault maps used:
D:1:      wheals_arrival_shading
D:2:      nicolae_ru_the_path_less_chosen, serial_curves, eino_curves_03,
          eino_curves_02, okawaru_ov_weapons_minmay
D:3:      hangedman_decor_riveting, uniq_ijyb
D:4:      chequers_temple_overflow_minitemple, serial_forest,
          infiniplex_forest_clump_double, infiniplex_forest_straight_3,
          infiniplex_forest_straight_3, infiniplex_forest_straight_3,
          infiniplex_forest_corner_1, infiniplex_forest_clump_diagonal,
          infiniplex_forest_clump_double, infiniplex_forest_lined_2,
          infiniplex_forest_straight_5, infiniplex_forest_lined_room_2,
          columned_hall_lemuel, minmay_misc_feat_rugged
D:5:      kb_xom_exploding_sheep, first_ration, uniq_edmund, uniq_sigmund,
          uniq_blork_the_orc, uniq_crazy_yiuf_cottage
D:6:      slow_altar_2, minmay_small_thing, uniq_grinder, uniq_duvessa
D:7:      elyvilon_altar_4, minmay_temple_entry_from_below_a
